 Dungeon Crawl Stone Soup version 0.19.1 (webtiles) character file.

352 Gargoyl the Skirmisher (level 6, -2/53 HPs)
             Began as a Ghoul Abyssal Knight on Dec 14, 2016.
             Was a Believer of Lugonu.
             Slain by an orc
             ... wielding a +0 flail
              (5 damage)
             ... on level 3 of the Dungeon.
             The game lasted 00:06:43 (2759 turns).

Gargoyl the Skirmisher (Ghoul Abyssal Knight)       Turns: 2759, Time: 00:06:44

Health: -2/53      AC:  8    Str: 17    XL:     6   Next: 62%
Magic:  7/7        EV: 10    Int:  7    God:    Lugonu [**....]
Gold:   122        SH:  0    Dex:  9    Spells: 0 memorised, 5 levels left

rFire  . . .     SeeInvis .     a - +1 hand axe
rCold  + . .     Gourm    .     f - +0 scale mail (curse)
rNeg   + + +     Faith    .     (no shield)
rPois  ∞         Spirit   .     (no helmet)
rElec  .         Reflect  .     n - +0 cloak
rCorr  .         Harm     .     (no gloves)
MR     .....                    (no boots)
Stlth  ..........               (no amulet)
                                (no ring)
                                (no ring)

@: rotting
A: rotting body, claws 1, carnivore 3, cold resistance 1, negative energy
resistance 3, slow regeneration 1, torment resistance, unbreathing
a: Depart the Abyss, Bend Space, Renounce Religion


You were on level 3 of the Dungeon.
You worshipped Lugonu.
Lugonu was pleased with you.
You were not hungry.

You visited 1 branch of the dungeon, and saw 3 of its levels.
You visited the Abyss 1 time.

You collected 122 gold pieces.

Inventory:

Hand Weapons
 a - a +1 hand axe (weapon)
Missiles
 d - 6 javelins of returning (quivered)
Armour
 f - a cursed +0 scale mail (worn)
 n - a +0 cloak (worn)
Wands
 t - a wand of disintegration (6/24)
 w - a wand of flame (16/48)
Scrolls
 b - 2 scrolls of amnesia {unknown}
 h - 2 scrolls of teleportation {unknown}
 i - 2 scrolls of noise {unknown}
 j - a scroll of enchant weapon {unknown}
 k - a scroll of recharging {unknown}
 l - 3 scrolls of identify {unknown}
 m - 4 scrolls of enchant armour {unknown}
 r - a scroll of remove curse {unknown}
 s - a scroll of magic mapping {unknown}
 u - a scroll of blinking {unknown}
Potions
 o - a potion of brilliance {unknown}
 q - a potion of haste {unknown}
Comestibles
 c - 2 meat rations
 p - a royal jelly
 v - a slice of pizza


   Skills:
 + Level 4.4 Fighting
 + Level 3.7 Axes
 * Level 3.5 Armour
 + Level 1.4 Dodging
 * Level 3.5 Invocations


You had 5 spell levels left.
You didn't know any spells.

Dungeon Overview and Level Annotations

Branches:
Dungeon (3/15)

Altars:
Elyvilon
Fedhas


Innate Abilities, Weirdness & Mutations

Your body is rotting away.
You thrive on raw meat.
You are immune to poison.
You have sharp fingernails.
You are carnivorous and can eat meat at any time.
Your flesh is cold resistant. (rC+)
You are immune to negative energy. (rN+++)
You regenerate slowly when monsters are visible.
You are immune to unholy pain and torment.
You can survive without breathing.


Message History

This raw flesh tastes great!
You feel better.
The orc priest invokes the aid of Beogh against you.
Beogh smites you!
* * * LOW HITPOINT WARNING * * *
The orc wizard gestures at you while chanting.
The puff of flame hits you!
* * * LOW HITPOINT WARNING * * *
The orc wizard points at you and mumbles some strange words.
The magic dart hits you!
* * * LOW HITPOINT WARNING * * *
The orc hits you but does no damage.
You hit the orc priest.
The orc priest is severely wounded.
You completely miss the orc wizard. You hit the orc. You hit the orc wizard.
The orc wizard gestures wildly while chanting.
The orc priest barely misses you. The orc wizard closely misses you.
The orc wizard hits you but does no damage.
The orc hits you with a flail.
You die...

...# .. #. #......#
...#
....#####.###......#
...#
$..................#
#..#.#.#.#.#.#.....#
#.......!..........#
#....⌠.....⌠.....>.#
#......._.......####
#...⌠.oo..⌠...##
#.....@o......#
#.#.#.#o#.#.#.#
.!...........#
########.###### .#
.# .#


You could see an orc priest, 2 orc wizards and an orc.

Vanquished Creatures
  The ghost of Infernelias the Chopper, an amateur MiBe of Trog (D:3)
  A howler monkey (D:3)
  Crazy Yiuf (D:3)
  Natasha (twice) (D:3)
  2 gnolls (D:1)
  4 adders
  A worm (D:2)
  4 dart slugs
  2 leopard geckos
  5 orcs (D:3)
  10 bats
  4 giant cockroaches
  7 goblins
  9 hobgoblins
  2 jackals (D:1)
  A quokka (D:2)
  4 frilled lizards
  7 kobolds
  7 rats
74 creatures vanquished.

Notes
Turn   | Place    | Note
-------+----------+-------------------------------------------
     0 | Abyss:1  | Gargoyl the Ghoul Abyssal Knight began the quest for the Orb.
     0 | Abyss:1  | Reached XP level 1. HP: 19/19 MP: 1/1
    15 | Abyss:1  | Found a corrupted altar of Lugonu.
    56 | Abyss:2  | Noticed a raiju
    57 | Abyss:2  | Noticed a raiju
    82 | D:1      | Escaped the Abyss
   115 | D:1      | Reached * piety under Lugonu
   156 | D:1      | Reached XP level 2. HP: 13/26 MP: 2/2
   479 | D:1      | Reached XP level 3. HP: 33/33 MP: 3/3
  1231 | D:2      | Reached ** piety under Lugonu
  1245 | D:2      | Reached skill level 1 in Dodging
  1245 | D:2      | Reached XP level 4. HP: 12/40 MP: 5/5
  1385 | D:2      | Reached skill level 4 in Fighting
  1754 | D:3      | Noticed Natasha
  1776 | D:3      | Killed Natasha
  1776 | D:3      | Reached XP level 5. HP: 4/46 MP: 6/6
  2321 | D:3      | Noticed Natasha
  2335 | D:3      | Killed Natasha
  2335 | D:3      | Reached XP level 6. HP: 31/52 MP: 7/7
  2350 | D:3      | Noticed Infernelias's ghost (amateur MiBe)
  2386 | D:3      | Killed Infernelias's ghost
  2582 | D:3      | Found a blossoming altar of Fedhas.
  2619 | D:3      | Found a runed door.
  2623 | D:3      | Noticed Crazy Yiuf
  2641 | D:3      | Killed Crazy Yiuf
  2743 | D:3      | Found a white marble altar of Elyvilon.
  2759 | D:3      | Slain by an orc

Skill      XL: |  1  2  3  4  5 |
---------------+----------------+-----
Axes           | 2 3 |  3.7
Armour         | 2 3 |  3.5
Dodging        | 1 |  1.4
Fighting       | 4 |  4.4
Invocations    | 3 |  3.5

Action                   |  1- 3 |  4- 6 || total
-------------------------+-------+-------++-------
Melee: Hand axe          |   128 |   201 ||   329
Invok: Depart the Abyss  |     1 |       ||     1
  Use: Potion            |       |     6 ||     6
  Eat: Chunk             |    14 |    41 ||    55
Armor: Scale mail        |    79 |   109 ||   188
Dodge: Dodged            |    81 |   117 ||   198
